 Dungeon Crawl Stone Soup version 0.20.0-8-g6b59dc7 (webtiles) character file.

854 rgaf the Zephyrmancer (level 8, -7/43 HPs)
             Began as a Tengu Air Elementalist on May 31, 2017.
             Was an Initiate of Vehumet.
             Mangled by an orc warrior
             ... wielding a +0 scimitar
              (8 damage)
             ... on level 6 of the Dungeon.
             The game lasted 00:10:08 (6297 turns).

rgaf the Zephyrmancer (Tengu Air Elementalist)      Turns: 6297, Time: 00:10:09

Health: -7/43      AC:  7    Str: 12    XL:     8   Next: 1%
Magic:  8/12       EV: 12    Int: 20    God:    Vehumet [......]
Gold:   266        SH:  0    Dex: 16    Spells: 4/11 levels left

rFire    . . .     SeeInvis .   k - +0 dagger (elec)
rCold    . . .     Gourm    .   (no shield)
rNeg     . . .     Faith    .   C - +2 leather armour {rPois}
rPois    +         Spirit   .   (helmet restricted)
rElec    .         Reflect  .   u - +0 cloak
rCorr    .         Harm     .   e - +0 pair of gloves
MR       .....                  (boots unavailable)
Stlth    ++........             (no amulet)
Regen    0.2/turn               i - +3 ring of intelligence
MPRegen  0.2/turn               y - +4 ring of strength

@: no status effects
A: beak, talons 3, able to fly 1
a: Fly, Renounce Religion


You were on level 6 of the Dungeon.
You worshipped Vehumet.
Vehumet was noncommittal.
You were very hungry.

You visited 2 branches of the dungeon, and saw 7 of its levels.

You collected 266 gold pieces.

Inventory:

Hand Weapons
 g - a +0 short sword
 k - a +0 dagger of electrocution (weapon)
Missiles
 E - 4 silver javelins (quivered)
Armour
 a - a +0 robe
 e - a +0 pair of gloves (worn)
 p - a +0 buckler
 u - a +0 cloak (worn)
 C - a +2 leather armour of poison resistance (worn)
Jewellery
 i - a +3 ring of intelligence (left hand)
 y - a +4 ring of strength (right hand)
Scrolls
 d - 2 scrolls of identify
 l - 4 scrolls of teleportation
 m - a scroll of amnesia {unknown}
 s - a scroll of enchant armour {unknown}
 w - 4 scrolls of remove curse {unknown}
 x - 2 scrolls of fog {unknown}
 B - 2 scrolls of enchant weapon {unknown}
 D - a scroll of immolation {unknown}
Potions
 h - a potion of berserk rage {unknown}
 j - a potion of flight {unknown}
 n - 2 potions of mutation {unknown}
 o - a potion of ambrosia {unknown}
 q - a potion of resistance {unknown}
 r - a potion of heal wounds {unknown}
 t - a potion of brilliance {unknown}
 z - a potion of agility {unknown}
 A - a potion of lignification {unknown}
Books
 b - a book of Air

   Spells                             Type                      Level
   a - Shock                          Conjuration/Air              1
   b - Swiftness                      Charms/Air                   2
   c - Static Discharge               Conjuration/Air              3
   d - Airstrike                      Air                          4
   e - Lightning Bolt                 Conjuration/Air              5
Comestibles
 c - 5 bread rations
 f - 2 meat rations


   Skills:
 + Level 1.2 Fighting
 - Level 2.1 Dodging
 - Level 2.0 Stealth
 + Level 2.4 Spellcasting
 - Level 7.7 Conjurations
 - Level 8.9 Air Magic


You had 4 spell levels left.
You knew the following spells:

 Your Spells              Type           Power        Failure   Level  Hunger
a - Shock                 Conj/Air       ####         1%          1    #......
b - Swiftness             Chrm/Air       ###.....     4%          2    ##.....
c - Airstrike             Air            #####.....   4%          4    #####..


Dungeon Overview and Level Annotations

Branches:
Dungeon (6/15)             Temple (1/1) D:6

Altars:
Ashenzari
Cheibriados
Dithmenos
Fedhas
Kikubaaqudgha
Makhleb
Nemelex Xobeh
Okawaru
Qazlal
Ru
Sif Muna
Trog
Vehumet
Xom
Zin

Annotations:
D:2 Sigmund


Innate Abilities, Weirdness & Mutations

You have a beak for a mouth.
You have claws for feet.
You can fly.


Message History

You claw the orc warrior, but do no damage.
The orc warrior is almost dead.
The orc warrior hits you with a scimitar.
* * * LOW HITPOINT WARNING * * *
You closely miss the orc warrior.
The orc warrior is almost dead.
You hit the orc warrior but do no damage.
You claw the orc warrior, but do no damage.
The orc warrior is almost dead.
The orc warrior closely misses you.
You closely miss the orc warrior. Your kick misses the orc warrior.
You peck the orc warrior, but do no damage.
The orc warrior is almost dead.
The orc warrior closely misses you.
You closely miss the orc warrior.
You claw the orc warrior, but do no damage.
You peck the orc warrior, but do no damage.
The orc warrior is almost dead.
The orc warrior hits you with a scimitar!
You die...

##...........(##
#.###
#.....#######(#
### #.....# #..#
#.....## #(.#
##.....# #..#
#.....# #..#
####### #(## #(#
#@# #o# . #.# ..
#[# ... ##.# ..o.
#..# ...o.
#..####......
###.(..........
###..............


You could see an orc warrior.

Vanquished Creatures
  Eustachio (D:4)
  A centaur (D:5)
  A scorpion (D:5)
  A vampire bat (D:4)
  2 crimson imps (D:5)
  A hound (D:5)
  2 orc wizards
  Jessica (D:2)
  An iguana (D:5)
  5 worker ants
  A hound zombie (D:5)
  12 adders
  2 oozes
  3 worms
  A dart slug (D:2)
  A leopard gecko (D:5)
  8 orcs
  2 giant cockroaches
  5 goblins
  7 hobgoblins
  10 jackals
  3 quokkas
  4 ball pythons
  14 bats
  4 frilled lizards
  5 kobolds
  A quokka zombie (D:5)
  5 rats
104 creatures vanquished.

Notes
Turn   | Place    | Note
-------+----------+-------------------------------------------
     0 | D:1      | rgaf the Tengu Air Elementalist began the quest for the Orb.
     0 | D:1      | Reached XP level 1. HP: 10/10 MP: 4/4
   217 | D:1      | Reached XP level 2. HP: 15/15 MP: 1/6
   643 | D:1      | Reached XP level 3. HP: 14/19 MP: 4/7
   879 | D:2      | Learned a level 2 spell: Swiftness
  1108 | D:2      | Reached skill level 5 in Air Magic
  1176 | D:2      | Noticed Sigmund
  1211 | D:2      | Reached XP level 4. HP: 24/24 MP: 5/8
  1217 | D:2      | Learned a level 4 spell: Airstrike
  2132 | D:2      | Noticed Jessica
  2136 | D:2      | Killed Jessica
  2282 | D:3      | Gained mutation: You can fly. [Tengu growth]
  2282 | D:3      | Reached XP level 5. HP: 26/28 MP: 5/9
  2472 | D:3      | Reached skill level 5 in Conjurations
  2472 | D:3      | Reached skill level 6 in Air Magic
  3040 | D:3      | Found an ancient bone altar of Kikubaaqudgha.
  3301 | D:4      | Reached XP level 6. HP: 32/32 MP: 6/10
  3363 | D:4      | Noticed Eustachio
  3470 | D:4      | Reached skill level 7 in Air Magic
  3704 | D:4      | Killed Eustachio
  3704 | D:4      | Reached XP level 7. HP: 7/36 MP: 3/11
  4084 | D:5      | Entered Level 5 of the Dungeon
  4419 | D:5      | Reached skill level 8 in Air Magic
  5868 | D:6      | Found a staircase to the Ecumenical Temple.
  5888 | Temple   | Entered the Ecumenical Temple
  5951 | Temple   | Became a worshipper of Vehumet
  6234 | D:6      | Reached skill level 1 in Fighting
  6234 | D:6      | Reached XP level 8. HP: 26/43 MP: 8/12
  6293 | D:6      | HP: 1/43 [orc warrior/scimitar (6)]
  6297 | D:6      | Mangled by an orc warrior

Skill      XL: |  1  2  3  4  5  6  7 |
---------------+----------------------+-----
Conjurations   | 2 3 4 5 6 7 |  7.7
Air Magic      | 5 6 7 8 |  8.9
Fighting       | 1 |  1.2
Dodging        | |  2.1
Stealth        | |  2.0
Spellcasting   | |  2.4

Action                   |  1- 3 |  4- 6 |  7- 9 || total
-------------------------+-------+-------+-------++-------
Melee: Unarmed           |     2 |       |       ||     2
       Peck              |     1 |    12 |    18 ||    31
       Short sword       |     9 |       |       ||     9
       Dagger            |    14 |    97 |   120 ||   231
       Kick              |     6 |    21 |    34 ||    61
 Cast: Shock             |    48 |    56 |    45 ||   149
       Airstrike         |       |     2 |       ||     2
       Swiftness         |       |       |     1 ||     1
 Abil: Fly               |       |     1 |       ||     1
  Use: Scroll            |       |     3 |       ||     3
       Potion            |       |     1 |     2 ||     3
 Stab: Sleeping          |       |     3 |       ||     3
       Distracted        |       |     1 |       ||     1
  Eat: Chunk             |       |     5 |     6 ||    11
       Meat ration       |       |     1 |       ||     1
       Royal jelly       |       |       |     1 ||     1
Armor: Robe              |    12 |    36 |     2 ||    50
       Leather armour    |       |       |    32 ||    32
Dodge: Dodged            |    21 |   113 |    82 ||   216
